| TOP OF THE 1ST |
|
Modesto Nuts batting - Pitching for Renton Wrecks : RHP Willie Blas
|
|
Pitching: RHP Willie Blas
|
|
|
Batting: RHB Andre Lowe
|
0-0: Ball 1-0: Ball 2-0: Foul Ball, location: 2F 2-1: Ball 3-1: Base on Balls
|
|
Batting: RHB Johnny Tutt
|
0-0: Ball 1-0: Ball 2-0: Fly out, F7 (Flyball, 7, EV 81.3 MPH)
|
|
Batting: LHB Dave McLaughlin
|
0-0: Called Strike 0-1: Fly out, F8 (Line Drive, 8RM, EV 103.8 MPH)
|
|
Batting: RHB Antonio Lopez
|
0-0: Swinging Strike 0-1: Swinging Strike 0-2: Foul Ball, location: 2F 0-2: Fly out, F9 (Flyball, 9, EV 94.4 MPH)
|
| Top of the 1st over - 0 runs, 0 hits, 0 errors, 1 left on base; Modesto 0 - Renton 0 |
| BOTTOM OF THE 1ST |
|
Renton Wrecks batting - Pitching for Modesto Nuts : LHP Bill Lopez
|
|
Pitching: LHP Bill Lopez
|
|
|
Batting: RHB Rolando Pino
|
0-0: Ball 1-0: Called Strike 1-1: Ball 2-1: Called Strike 2-2: Ball 3-2: SINGLE (Line Drive, 78S, EV 101.3 MPH)
|
|
Batting: SHB Ethan Charles
|
0-0: Ball 1-0: Foul Ball, location: 2F 1-1: Foul Ball, location: 2F 1-2: Strikes out swinging
|
|
Batting: RHB Andrew Pratt
|
0-0: Called Strike 0-1: Grounds into double play, 6-4-3 (Groundball, 6, EV 80.6 MPH)
|
| Bottom of the 1st over - 0 runs, 1 hit, 0 errors, 0 left on base; Modesto 0 - Renton 0 |
| TOP OF THE 2ND |
|
Modesto Nuts batting - Pitching for Renton Wrecks : RHP Willie Blas
|
|
Batting: RHB James Cecchini
|
0-0: Called Strike 0-1: Swinging Strike 0-2: Ground out 6-3 (Groundball, P, EV 76.9 MPH)
|
|
Batting: LHB Nelson Burciaga
|
0-0: Ball 1-0: Ball 2-0: Ground out 4-3 (Groundball, 4, EV 91.3 MPH)
|
|
Batting: RHB Mike Miller
|
0-0: Ball 1-0: Ball 2-0: Ground out 4-3 (Groundball, 4S, EV 69.4 MPH)
|
| Top of the 2nd over - 0 runs, 0 hits, 0 errors, 0 left on base; Modesto 0 - Renton 0 |
| BOTTOM OF THE 2ND |
|
Renton Wrecks batting - Pitching for Modesto Nuts : LHP Bill Lopez
|
|
Batting: RHB Stan Holmes
|
0-0: Ball 1-0: Ball 2-0: Ball 3-0: Called Strike 3-1: Swinging Strike 3-2: Strikes out looking
|
|
Batting: RHB Frank Garcia
|
0-0: Called Strike 0-1: Called Strike 0-2: Ground out 6-3 (Groundball, 6, EV 85.6 MPH)
|
|
Batting: LHB Troy Thomas
|
0-0: Foul Ball, location: 2F 0-1: Foul Ball, location: 2F 0-2: Ball 1-2: Ball 2-2: Ball 3-2: Base on Balls
|
|
Batting: RHB Richard Rizzo
|
0-0: Called Strike 0-1: Ball 1-1: Ground out 2-3 (Groundball, 13S, EV 71.9 MPH)
|
| Bottom of the 2nd over - 0 runs, 0 hits, 0 errors, 1 left on base; Modesto 0 - Renton 0 |
| TOP OF THE 3RD |
|
Modesto Nuts batting - Pitching for Renton Wrecks : RHP Willie Blas
|
|
Batting: RHB Jesus Vila
|
0-0: Ball 1-0: Foul Ball, location: 2F 1-1: Ground out 5-3 (Groundball, 5, EV 86.9 MPH)
|
|
Batting: RHB Carlos Leal
|
0-0: Foul Ball, location: 2F 0-1: Ball 1-1: Ground out 4-3 (Groundball, 4, EV 83.8 MPH)
|
|
Batting: RHB Andre Lowe
|
0-0: Ball 1-0: Swinging Strike 1-1: Ball 2-1: Called Strike 2-2: Foul Ball, location: 2F 2-2: Ball 3-2: Base on Balls
|
|
Batting: RHB Johnny Tutt
|
0-0: Ball 1-0: Foul Ball, location: 2F 1-1: Ball 2-1: Ball 3-1: Foul Ball, location: 2F 3-2: Fly out, F7 (Line Drive, 7, EV 92.5 MPH)
|
| Top of the 3rd over - 0 runs, 0 hits, 0 errors, 1 left on base; Modesto 0 - Renton 0 |
| BOTTOM OF THE 3RD |
|
Renton Wrecks batting - Pitching for Modesto Nuts : LHP Bill Lopez
|
|
Batting: LHB Paul Thoutsis
|
0-0: Ball 1-0: Ball 2-0: Ball 3-0: Base on Balls
|
|
Batting: LHB Christian Bryeans
|
0-0: Ball 1-0: Foul Ball, location: 2F 1-1: Foul Ball, location: 2F 1-2: Fly out, F7 (Flyball, 7S, EV 80.6 MPH)
|
|
Batting: RHB Rolando Pino
|
0-0: Ball 1-0: Called Strike 1-1: Ball 2-1: Foul Ball, location: 2F 2-2: Fly out, F7 (Flyball, 7LS, EV 88.8 MPH)
|
|
Batting: SHB Ethan Charles
|
0-0: Fly out, F4 (Popup, 3S, EV 83.8 MPH)
|
| Bottom of the 3rd over - 0 runs, 0 hits, 0 errors, 1 left on base; Modesto 0 - Renton 0 |
| TOP OF THE 4TH |
|
Modesto Nuts batting - Pitching for Renton Wrecks : RHP Willie Blas
|
|
Batting: LHB Dave McLaughlin
|
0-0: Ball 1-0: Ball 2-0: Ball 3-0: Base on Balls
|
|
Batting: RHB Antonio Lopez
|
0-0: SINGLE (Line Drive, 89S, EV 103.1 MPH) Dave McLaughlin to second
|
|
Batting: RHB James Cecchini
|
0-0: Ball Dave McLaughlin steals 3rd base Antonio Lopez to second 1-0: Foul Ball, location: 2F 1-1: Called Strike 1-2: Strikes out swinging
|
|
Batting: LHB Nelson Burciaga
|
0-0: Ball 1-0: Ball Wild Pitch! Dave McLaughlin scores Antonio Lopez to third 2-0: Called Strike 2-1: Foul Ball, location: 2F 2-2: SINGLE (Line Drive, 89M, EV 101.9 MPH) Antonio Lopez scores
|
|
Batting: RHB Mike Miller
|
0-0: Ball 1-0: Foul Ball, location: 2F 1-1: Ball 2-1: Fielders Choice at 2nd, 4-6 (Groundball, 4, EV 86.3 MPH)
|
|
Batting: RHB Jesus Vila
|
0-0: Ball 1-0: Ground out 4-3 (Groundball, 4, EV 96.9 MPH)
|
| Top of the 4th over - 2 runs, 2 hits, 0 errors, 1 left on base; Modesto 2 - Renton 0 |
| BOTTOM OF THE 4TH |
|
Renton Wrecks batting - Pitching for Modesto Nuts : LHP Bill Lopez
|
|
Batting: RHB Andrew Pratt
|
0-0: Fly out, F9 (Line Drive, 9D, EV 85.0 MPH)
|
|
Batting: RHB Stan Holmes
|
0-0: Foul Ball, location: 2F 0-1: Ball 1-1: Foul Ball, location: 2F 1-2: Strikes out swinging
|
|
Batting: RHB Frank Garcia
|
0-0: Swinging Strike 0-1: Ball 1-1: Ball 2-1: Swinging Strike 2-2: Ball 3-2: Base on Balls
|
|
Batting: LHB Troy Thomas
|
0-0: Called Strike 0-1: Ball 1-1: SINGLE (Line Drive, 9S, EV 107.5 MPH) Frank Garcia to second
|
|
Batting: RHB Richard Rizzo
|
0-0: Foul Ball, location: 2F 0-1: Ball 1-1: Ground out 4-3 (Groundball, 4, EV 96.3 MPH)
|
| Bottom of the 4th over - 0 runs, 1 hit, 0 errors, 2 left on base; Modesto 2 - Renton 0 |
| TOP OF THE 5TH |
|
Modesto Nuts batting - Pitching for Renton Wrecks : RHP Willie Blas
|
|
Batting: RHB Carlos Leal
|
0-0: Ball 1-0: Ball 2-0: Called Strike 2-1: Foul Ball, location: 2F 2-2: Ball 3-2: Ground out 4-3 (Groundball, 4M, EV 105.0 MPH)
|
|
Batting: RHB Andre Lowe
|
0-0: Called Strike 0-1: Swinging Strike 0-2: Strikes out swinging
|
|
Batting: RHB Johnny Tutt
|
0-0: Ball 1-0: Ball 2-0: Called Strike 2-1: Called Strike 2-2: Strikes out swinging, 2-3 out at first.
|
| Top of the 5th over - 0 runs, 0 hits, 0 errors, 0 left on base; Modesto 2 - Renton 0 |
| BOTTOM OF THE 5TH |
|
Renton Wrecks batting - Pitching for Modesto Nuts : LHP Bill Lopez
|
|
Batting: LHB Paul Thoutsis
|
0-0: Ball 1-0: Ball 2-0: Foul Ball, location: 2F 2-1: Ground out 6-3 (Groundball, 6, EV 107.5 MPH)
|
|
Batting: LHB Christian Bryeans
|
0-0: Ball 1-0: Ball 2-0: Ball 3-0: Base on Balls
|
|
Batting: RHB Rolando Pino
|
0-0: Ball 1-0: Ball 2-0: Fly out, F5 (Line Drive, 5, EV 68.1 MPH)
|
|
Batting: SHB Ethan Charles
|
0-0: Ball 1-0: Called Strike 1-1: Foul Ball, location: 2F 1-2: Strikes out swinging
|
| Bottom of the 5th over - 0 runs, 0 hits, 0 errors, 1 left on base; Modesto 2 - Renton 0 |
| TOP OF THE 6TH |
|
Modesto Nuts batting - Pitching for Renton Wrecks : RHP Willie Blas
|
|
Batting: LHB Dave McLaughlin
|
0-0: Foul Ball, location: 2F 0-1: Swinging Strike 0-2: Ball 1-2: SINGLE (Groundball, 34S, EV 70.6 MPH) (infield hit)
|
|
Batting: RHB Antonio Lopez
|
0-0: Ball Dave McLaughlin is caught stealing 2nd base 2-4 1-0: Ground out 3-1 (Groundball, 34, EV 96.9 MPH)
|
|
Batting: RHB James Cecchini
|
0-0: Called Strike 0-1: Ball 1-1: Ball 2-1: SINGLE (Groundball, 34D, EV 103.1 MPH)
|
|
Batting: LHB Nelson Burciaga
|
0-0: Ball 1-0: Ball 2-0: Ball 3-0: Called Strike 3-1: Fly out, F9 (Flyball, 9, EV 87.5 MPH)
|
| Top of the 6th over - 0 runs, 2 hits, 0 errors, 1 left on base; Modesto 2 - Renton 0 |
| BOTTOM OF THE 6TH |
|
Renton Wrecks batting - Pitching for Modesto Nuts : LHP Bill Lopez
|
|
Batting: RHB Andrew Pratt
|
0-0: Ball 1-0: Ball 2-0: SOLO HOME RUN (Flyball, 78XD, EV 100.0 MPH), Distance : 451 ft
|
|
Batting: RHB Stan Holmes
|
0-0: Foul Ball, location: 2F 0-1: Ball 1-1: Swinging Strike 1-2: Ball 2-2: Foul Ball, location: 2F 2-2: Ball 3-2: Foul Ball, location: 2F 3-2: TRIPLE (Flyball, 78XD, EV 100.0 MPH)
|
|
Batting: RHB Frank Garcia
|
0-0: Ball 1-0: Called Strike 1-1: Fly out, F7 (Flyball, 7D, EV 100.0 MPH) Runner from 3rd tags up, SCORES, throw by LF
|
|
Batting: LHB Troy Thomas
|
0-0: Ball 1-0: Called Strike 1-1: Foul Ball, location: 2F 1-2: Ball 2-2: Ball 3-2: SINGLE (Line Drive, 78S, EV 91.9 MPH)
|
|
Pitching: RHP Jon Mathews
|
|
|
Batting: RHB Richard Rizzo
|
0-0: Called Strike Troy Thomas steals 2nd base 0-1: Ball 1-1: Fly out, F7 (Flyball, 7D, EV 90.6 MPH) Runner from 2nd tags up, SAFE at 3rd with throw by LF
|
|
Batting: LHB Paul Thoutsis
|
0-0: Called Strike 0-1: Called Strike 0-2: Ball 1-2: Strikes out swinging
|
| Bottom of the 6th over - 2 runs, 3 hits, 0 errors, 1 left on base; Modesto 2 - Renton 2 |
| TOP OF THE 7TH |
|
Modesto Nuts batting - Pitching for Renton Wrecks : RHP Willie Blas
|
|
Batting: RHB Mike Miller
|
0-0: Ball 1-0: Ball 2-0: Called Strike 2-1: Foul Ball, location: 2F 2-2: Foul Ball, location: 2F 2-2: Ball 3-2: Foul Ball, location: 2F 3-2: Foul Ball, location: 2F 3-2: Base on Balls
|
|
Batting: RHB Jesus Vila
|
0-0: Ball Mike Miller is caught stealing 2nd base 2-4 1-0: Ball 2-0: SINGLE (Groundball, P, EV 84.4 MPH) (infield hit)
|
|
Batting: RHB Carlos Leal
|
0-0: Ball 1-0: Ball 2-0: Swinging Strike 2-1: Ball 3-1: Foul Ball, location: 2F 3-2: Grounds into double play, 6-4-3 (Groundball, 6, EV 81.9 MPH)
|
| Top of the 7th over - 0 runs, 1 hit, 0 errors, 0 left on base; Modesto 2 - Renton 2 |
| BOTTOM OF THE 7TH |
|
Renton Wrecks batting - Pitching for Modesto Nuts : RHP Jon Mathews
|
|
Batting: LHB Christian Bryeans
|
0-0: Ball 1-0: Ball 2-0: SINGLE (Groundball, 25, EV 68.1 MPH) (infield hit)
|
|
Batting: RHB Rolando Pino
|
0-0: Ball 1-0: Ball 2-0: Ball 3-0: Called Strike 3-1: Called Strike 3-2: Base on Balls Christian Bryeans to second
|
|
Batting: SHB Ethan Charles
|
0-0: Bunt missed! 0-1: Bunted foul 0-2: Ball 1-2: Ball 2-2: Ball Wild Pitch! Christian Bryeans to third Rolando Pino to second 3-2: SINGLE (Groundball, 56D, EV 108.1 MPH) Christian Bryeans scores Rolando Pino to third Runner from 3rd tries for Home, SAFE, throw by LF to home Ethan Charles to second
|
|
Batting: RHB Andrew Pratt
|
0-0: Called Strike 0-1: Fly out, F4 (Popup, 34, EV 59.4 MPH)
|
|
Batting: RHB Stan Holmes
|
0-0: Called Strike 0-1: Ball 1-1: Ball 2-1: Foul Ball, location: 2F 2-2: Foul Ball, location: 2F 2-2: Strikes out swinging
|
|
Batting: RHB Frank Garcia
|
0-0: Ball 1-0: Swinging Strike 1-1: Foul Ball, location: 2F 1-2: Foul Ball, location: 2F 1-2: SINGLE (Groundball, 56D, EV 101.3 MPH) Ethan Charles to third Runner from 3rd tries for Home, SAFE, throw by LF to home
|
|
Pitching: RHP Kyle Hartshorn
|
|
|
Batting: LHB Troy Thomas
|
0-0: Fly out, F5 (Popup, 5F, EV 63.8 MPH)
|
| Bottom of the 7th over - 3 runs, 3 hits, 0 errors, 1 left on base; Modesto 2 - Renton 5 |
| TOP OF THE 8TH |
|
Modesto Nuts batting - Pitching for Renton Wrecks : RHP Willie Blas
|
|
Batting: RHB Andre Lowe
|
0-0: Ball 1-0: Swinging Strike 1-1: Swinging Strike 1-2: Strikes out swinging
|
|
Batting: RHB Johnny Tutt
|
0-0: Ball 1-0: Ground out 6-3 (Groundball, 56, EV 89.4 MPH)
|
|
Batting: LHB Dave McLaughlin
|
0-0: Ball 1-0: Foul Ball, location: 2F 1-1: Ball 2-1: Ball 3-1: Ground out 5-3 (Groundball, 5, EV 86.9 MPH)
|
| Top of the 8th over - 0 runs, 0 hits, 0 errors, 0 left on base; Modesto 2 - Renton 5 |
| BOTTOM OF THE 8TH |
|
Renton Wrecks batting - Pitching for Modesto Nuts : RHP Kyle Hartshorn
|
|
Batting: RHB Richard Rizzo
|
0-0: Ball 1-0: Foul Ball, location: 2F 1-1: Ground out 6-3 (Groundball, 6, EV 85.6 MPH)
|
|
Batting: LHB Paul Thoutsis
|
0-0: Ball 1-0: SINGLE (Groundball, 4D, EV 103.1 MPH)
|
|
Batting: LHB Christian Bryeans
|
0-0: Ground out 4-3 (Groundball, 4MD, EV 104.4 MPH) Paul Thoutsis to second
|
|
Batting: RHB Rolando Pino
|
0-0: Ball 1-0: Ball 2-0: Fly out, F8 (Flyball, 8RS, EV 92.5 MPH)
|
| Bottom of the 8th over - 0 runs, 1 hit, 0 errors, 1 left on base; Modesto 2 - Renton 5 |
| TOP OF THE 9TH |
|
Modesto Nuts batting - Pitching for Renton Wrecks : RHP Willie Blas
|
|
Pitching: RHP Mark Bersano
|
|
|
Now in LF: Ron DeLucchi
|
|
|
Batting: RHB Antonio Lopez
|
0-0: Called Strike 0-1: Swinging Strike 0-2: Reached on error, E6 (Groundball, 6, EV 88.8 MPH)
|
|
Batting: RHB James Cecchini
|
0-0: Ball 1-0: Ball 2-0: Ball 3-0: Called Strike 3-1: Base on Balls Antonio Lopez to second
|
|
Batting: LHB Nelson Burciaga
|
0-0: Swinging Strike 0-1: Foul Ball, location: 2F 0-2: Foul Ball, location: 2F 0-2: Ball 1-2: Foul Ball, location: 2F 1-2: Ball 2-2: SINGLE (Groundball, 34D, EV 95.0 MPH) Antonio Lopez to third James Cecchini to second
|
|
Batting: RHB Mike Miller
|
0-0: Ball 1-0: Ball 2-0: Ball 3-0: Called Strike 3-1: Fly out, F8 (Flyball, 8RXD, EV 101.9 MPH) Runner from 3rd tags up, SCORES, no throw by CF
|
|
Pinch Runner at 2nd Larry Tribble:
|
|
|
Pinch Hitting: RHB Fred Blair
|
0-0: Called Strike 0-1: Ball 1-1: Ball 2-1: Ball 3-1: SINGLE (Flyball, 8RS, EV 95.0 MPH) Larry Tribble to third Nelson Burciaga to second
|
|
Pinch Hitting: LHB Osamu Abe
|
0-0: Ball 1-0: Ball 2-0: Foul Ball, location: 2F 2-1: Swinging Strike 2-2: Ball 3-2: Base on Balls Larry Tribble scores Nelson Burciaga to third Fred Blair to second
|
|
Batting: RHB Andre Lowe
|
0-0: Swinging Strike 0-1: Ball 1-1: Swinging Strike 1-2: Ball 2-2: Strikes out swinging
|
|
Batting: RHB Johnny Tutt
|
0-0: Foul Ball, location: 2F 0-1: Ball Passed Ball! Nelson Burciaga scores Fred Blair to third Osamu Abe to second 1-1: Foul Ball, location: 2F 1-2: Strikes out swinging
|
| Top of the 9th over - 3 runs, 2 hits, 1 error, 2 left on base; Modesto 5 - Renton 5 |
| BOTTOM OF THE 9TH |
|
Renton Wrecks batting - Pitching for Modesto Nuts : RHP Kyle Hartshorn
|
|
Now at C: Fred Blair
|
|
|
Now at 3B: Larry Tribble
|
|
|
Now in CF: Randy Olson
|
|
|
Batting: SHB Ethan Charles
|
0-0: Ground out 6-3 (Groundball, 6, EV 87.5 MPH)
|
|
Batting: RHB Andrew Pratt
|
0-0: Ball 1-0: Ball 2-0: Called Strike 2-1: Ball 3-1: Base on Balls
|
|
Batting: RHB Stan Holmes
|
0-0: Called Strike 0-1: Ball 1-1: Foul Ball, location: 2F 1-2: Grounds into double play, 5-4-3 (Groundball, 56, EV 79.4 MPH)
|
| Bottom of the 9th over - 0 runs, 0 hits, 0 errors, 0 left on base; Modesto 5 - Renton 5 |
| TOP OF THE 10TH |
|
Modesto Nuts batting - Pitching for Renton Wrecks : RHP Mark Bersano
|
|
Pitching: RHP Keith Walsh
|
|
|
Batting: LHB Dave McLaughlin
|
0-0: Called Strike 0-1: Ball 1-1: Ball 2-1: Swinging Strike 2-2: Ground out U3 (Groundball, 34S, EV 88.1 MPH)
|
|
Batting: RHB Antonio Lopez
|
0-0: Ball 1-0: Fly out, F5 (Flyball, 5D, EV 87.5 MPH)
|
|
Pinch Hitting: RHB Thomas Amante
|
0-0: Fly out, F8 (Line Drive, 8RD, EV 91.3 MPH)
|
| Top of the 10th over - 0 runs, 0 hits, 0 errors, 0 left on base; Modesto 5 - Renton 5 |
| BOTTOM OF THE 10TH |
|
Renton Wrecks batting - Pitching for Modesto Nuts : RHP Kyle Hartshorn
|
|
Pitching: LHP Timothy Fagely
|
|
|
Now at SS: Bill Wrona
|
|
|
Batting: RHB Frank Garcia
|
0-0: Ground out 6-3 (Groundball, 6, EV 98.1 MPH)
|
|
Pinch Hitting: RHB Jose Leiva
|
0-0: Called Strike 0-1: Ball 1-1: Ball 2-1: Ball 3-1: Called Strike 3-2: Foul Ball, location: 2F 3-2: Fly out, F9 (Flyball, 9LM, EV 74.4 MPH)
|
|
Batting: RHB Richard Rizzo
|
0-0: Ball 1-0: Called Strike 1-1: Foul Ball, location: 2F 1-2: Ball 2-2: Ball 3-2: Base on Balls
|
|
Pinch Hitting: RHB Julian Gutierrez
|
0-0: Ball 1-0: Ball 2-0: Ball 3-0: Called Strike 3-1: SINGLE (Groundball, 56, EV 98.8 MPH) Richard Rizzo to second
|
|
Pinch Hitting: RHB Luis Gomez
|
0-0: Called Strike 0-1: Called Strike 0-2: Strikes out swinging
|
| Bottom of the 10th over - 0 runs, 1 hit, 0 errors, 2 left on base; Modesto 5 - Renton 5 |
| TOP OF THE 11TH |
|
Modesto Nuts batting - Pitching for Renton Wrecks : RHP Keith Walsh
|
|
Now at SS: Mike Knox
|
|
|
Now in LF: Jose Leiva
|
|
|
Now in RF: Melvin Taylor
|
|
|
Batting: LHB Nelson Burciaga
|
0-0: Ball 1-0: Called Strike 1-1: Ground out 4-3 (Groundball, 4, EV 90.6 MPH)
|
|
Batting: RHB Mike Miller
|
0-0: Ball 1-0: Ball 2-0: Foul Ball, location: 2F 2-1: Foul Ball, location: 2F 2-2: Ball 3-2: DOUBLE (Line Drive, 3D, EV 105.6 MPH)
|
|
Batting: RHB Fred Blair
|
0-0: Foul Ball, location: 2F 0-1: Foul Ball, location: 2F 0-2: Ball 1-2: Ground out U3 (Groundball, 34S, EV 86.3 MPH) Mike Miller to third
|
|
Batting: RHB Randy Olson
|
0-0: Called Strike 0-1: Foul Ball, location: 2F 0-2: Ball 1-2: Strikes out swinging
|
| Top of the 11th over - 0 runs, 1 hit, 0 errors, 1 left on base; Modesto 5 - Renton 5 |
| BOTTOM OF THE 11TH |
|
Renton Wrecks batting - Pitching for Modesto Nuts : LHP Timothy Fagely
|
|
Batting: RHB Rolando Pino
|
0-0: Ball 1-0: Foul Ball, location: 2F 1-1: Called Strike 1-2: Ball 2-2: Ball 3-2: Base on Balls
|
|
Batting: SHB Ethan Charles
|
0-0: Sac Bunt to 3S - play at first, batter OUT! 3-1 Rolando Pino to second
|
|
Batting: RHB Andrew Pratt
|
0-0: Swinging Strike 0-1: Fly out, F9 (Flyball, 9S, EV 73.1 MPH)
|
|
Batting: RHB Stan Holmes
|
0-0: Called Strike 0-1: Called Strike 0-2: Ball 1-2: SINGLE (Line Drive, 89M, EV 94.4 MPH) Rolando Pino to third Runner from 3rd tries for Home, SAFE, throw by CF to home
|
| Bottom of the 11th over - 1 run, 1 hit, 0 errors, 0 left on base; Modesto 5 - Renton 6 |
|